 Dungeon Crawl Stone Soup version 0.21.0-3-g78d12a8 (webtiles) character file.

1903 MTVSty1e the Cruncher (level 8, -7/73 HPs)
             Began as a Black Draconian Gladiator on Jan 8, 2018.
             Was an Initiate of Okawaru.
             Killed from afar by a steam dragon (16 damage)
             ... with a ball of steam
             ... on level 7 of the Dungeon.
             The game lasted 00:12:01 (7034 turns).

MTVSty1e the Cruncher (Black Draconian Gladiator)   Turns: 7034, Time: 00:12:02

Health: -7/73      AC:  9    Str: 18    XL:     8   Next: 94%
Magic:  8/8        EV: 13    Int:  9    God:    Okawaru [......]
Gold:   415        SH:  4    Dex: 13    Spells: 7/7 levels left

rFire    . . .     SeeInvis .   a - +1 quarterstaff
rCold    . . .     Gourm    .   (shield currently unavailable)
rNeg     . . .     Faith    .   (armour unavailable)
rPois    .         Spirit   .   k - +2 hat
rElec    +         Reflect  +   (no cloak)
rCorr    .         Harm     .   o - +0 pair of gloves
MR       .....                  (no boots)
Stlth    +.........             n - +4 amulet of reflection
HPRegen  0.22/turn              (no ring)
MPRegen  0.11/turn              (no ring)

@: berserk cooldown, slowed, very slow
A: breathe lightning, unfitting armour, electricity resistance, cold-blooded, AC
+6
a: Breathe Lightning, Renounce Religion


You were on level 7 of the Dungeon.
You worshipped Okawaru.
Okawaru was noncommittal.
You were not hungry.

You visited 2 branches of the dungeon, and saw 8 of its levels.

You collected 415 gold pieces.

Inventory:

Hand Weapons
 a - a +1 quarterstaff (weapon)
Missiles
 c - 3 throwing nets (quivered)
Armour
 b - a +0 hat
 k - a +2 hat (worn)
 o - a +0 pair of gloves (worn)
Jewellery
 f - an uncursed amulet of harm {unknown}
 n - a +4 amulet of reflection (around neck)
 r - a +4 ring of evasion {unknown}
Wands
 h - a wand of paralysis (14)
 l - a wand of flame (29)
 t - a wand of enslavement (10)
Scrolls
 e - 5 scrolls of remove curse
 g - a scroll of blinking
 i - 2 scrolls of fog
Potions
 j - 2 potions of flight
 p - 2 potions of magic
 q - a potion of brilliance {unknown}
 s - a potion of mutation {unknown}
Comestibles
 d - 4 rations


   Skills:
 + Level 7.4 Fighting
 * Level 9.7 Staves
 - Level 1.7 Throwing
 - Level 3.7 Dodging


You had 7 spell levels left.
You didn't know any spells.

Dungeon Overview and Level Annotations

Branches:
Dungeon (7/15)             Temple (1/1) D:6

Altars:
Ashenzari
Dithmenos
Elyvilon
Fedhas
Gozag
Hepliaklqana
Kikubaaqudgha
Makhleb
Nemelex Xobeh
Okawaru
Qazlal
Ru
Sif Muna
Trog
Vehumet
Xom
Yredelemnul
Zin
The Shining One

Shops:
D:5 *[   D:6 :

Annotations:
D:3 p0werm0de's ghost, amateur OpTm
D:4 Gandalfino's ghost, amateur DrFi


Innate Abilities, Weirdness & Mutations

You can breathe wild blasts of lightning.
Your glossy black scales are hard. (AC +6)
You cannot fit into any form of body armour.
You are resistant to electric shocks. (rElec)
You are cold-blooded and may be slowed by cold attacks.


Message History

You feel yourself slow down.
You start resting.
A steam dragon comes into view.
The steam dragon breathes steam at you. The ball of steam misses you.
You are engulfed in a cloud of scalding steam.
* * * LOW HITPOINT WARNING * * *
You have got your breath back.
The steam dragon breathes steam at you. The ball of steam misses you.
Really walk into that cloud of steam? [Y]es or [N]o only, please.
Really walk into that cloud of steam?
Okay, then.
The steam dragon breathes steam at you. The ball of steam misses you.
The steam dragon misses you. The steam dragon closely misses you.
The steam dragon breathes steam at you. The ball of steam hits you!
You die...

####### ## ......# ###.#
##......#####.#..
#######.......#..(..#.#
###.....#..§....#.###.#.#
#.......§.####+##.#.#.#.##
...###.##D.#(...<....#.....
#.§.##@#.#####.#<..#.##
#.D...#.................
#.§..≈###.####.##.#.####
#...≈≈# #.# #.##.#.#
..≈≈≈## #.####.##.#.#
≈≈≈#### #.........#.# ####
######.####.# #.# #.# #.#


You could see a steam dragon.

Vanquished Creatures
  A steam dragon (D:7)
  An orc warrior (D:6)
  3 ice beasts
  2 phantoms
  4 ogres
  A centaur (D:5)
  A scorpion (D:5)
  2 crimson imps
  A hound (D:6)
  2 bullfrog skeletons
  An orc priest (D:3)
  11 orc wizards
  2 centaur skeletons (D:4)
  2 worker ants (D:6)
  3 adders
  2 shadow imps
  An ooze (D:2)
  An adder skeleton (D:5)
  An adder zombie (D:6)
  4 worms
  2 dart slugs
  4 leopard geckos
  19 orcs
  4 giant cockroaches
  5 goblins
  8 hobgoblins
  20 jackals
  8 kobolds
  2 quokkas
  A ball python (D:3)
  7 bats
  2 frilled lizards
  A leopard gecko skeleton (D:6)
  8 rats
137 creatures vanquished.

Vanquished Creatures (others)
  A kobold (D:3)
1 creature vanquished.

Grand Total: 138 creatures vanquished

Notes
Turn   | Place    | Note
-------+----------+-------------------------------------------
     0 | D:1      | MTVSty1e the Draconian Gladiator began the quest for the Orb.
     0 | D:1      | Reached XP level 1. HP: 17/17 MP: 1/1
   309 | D:1      | Found a shattered altar of Ashenzari.
   312 | D:1      | Reached XP level 2. HP: 21/25 MP: 2/2
   692 | D:1      | You fall through a shaft!
   926 | D:2      | Reached XP level 3. HP: 13/30 MP: 3/3
  1707 | D:3      | Reached skill level 4 in Staves
  1779 | D:3      | Reached XP level 4. HP: 28/38 MP: 4/4
  2063 | D:3      | Found a deep blue altar of Sif Muna.
  2086 | D:3      | Reached XP level 5. HP: 25/45 MP: 5/5
  2347 | D:3      | Noticed p0werm0de's ghost (amateur OpTm)
  2962 | D:4      | Reached skill level 5 in Staves
  3055 | D:4      | Found a sacrificial altar of Ru.
  3112 | D:4      | Noticed a phantom
  3140 | D:4      | Reached XP level 6. HP: 36/52 MP: 6/6
  3358 | D:4      | Noticed Gandalfino's ghost (amateur DrFi)
  3685 | D:5      | Entered Level 5 of the Dungeon
  3695 | D:5      | Noticed an ice beast
  3717 | D:5      | Killed an ice beast
  3717 | D:5      | Reached skill level 6 in Staves
  3729 | D:5      | Your scales start taking on a glossy black colour.
  3729 | D:5      | Reached XP level 7. HP: 48/60 MP: 7/7
  3729 | D:5      | Gained mutation: You are resistant to electric shocks. (rElec) [Black Draconian growth]
  3934 | D:5      | Reached skill level 5 in Fighting
  4059 | D:5      | Reached skill level 7 in Staves
  4583 | D:5      | Reached XP level 8. HP: 70/70 MP: 8/8
  4602 | D:5      | Found Voliy's Elemental Accessories.
  4934 | D:5      | Reached skill level 8 in Staves
  5096 | D:5      | Found an ancient bone altar of Kikubaaqudgha.
  5151 | D:5      | Found a blossoming altar of Fedhas.
  5151 | D:5      | Found a shimmering altar of Xom.
  5156 | D:5      | Found a glowing silver altar of Zin.
  5158 | D:5      | Found a sparkling altar of Nemelex Xobeh.
  5159 | D:5      | Found a glowing golden altar of the Shining One.
  5214 | D:5      | Found Hituppah's Armour Boutique.
  5638 | D:6      | Found a staircase to the Ecumenical Temple.
  5672 | Temple   | Entered the Ecumenical Temple
  5811 | Temple   | Became a worshipper of Warmaster Okawaru
  6167 | D:6      | Reached skill level 9 in Staves
  6663 | D:6      | Found Iwux Neeg's Book Shoppe.
  7034 | D:7      | Killed from afar by a steam dragon

Skill      XL: |  1  2  3  4  5  6  7  8 |
---------------+-------------------------+-----
Dodging        | 3 |  3.7
Staves         | 4 5 6 7 9 |  9.7
Fighting       | 3 4 5 7 |  7.4
Throwing       | |  1.7

Action                   |  1- 3 |  4- 6 |  7- 9 || total
-------------------------+-------+-------+-------++-------
Melee: Quarterstaff      |   103 |   146 |   202 ||   451
       Tailslap          |     8 |    20 |    17 ||    45
 Abil: Breathe Lightning |       |       |     5 ||     5
  Use: Scroll            |       |     8 |     3 ||    11
       Potion            |       |     1 |     3 ||     4
 Stab: Sleeping          |     3 |     1 |     1 ||     5
  Eat: Ration            |     1 |     2 |     3 ||     6
Armor: Skin              |    24 |    50 |    95 ||   169
Dodge: Dodged            |    42 |    97 |   114 ||   253
Block: Other             |       |    13 |    37 ||    50
       Reflection        |       |     1 |       ||     1
